 Dungeon Crawl Stone Soup version 0.19-a0-1714-gcab94ab (webtiles) character file.

55955 Amnesiac the Bewitcher (level 14, -2/82 HPs)
             Began as a Deep Elf Enchanter on Sept 28, 2016.
             Was the Champion of Dithmenos.
             Slain by a basilisk (17 damage)
             ... on level 6 of the Lair of Beasts.
             The game lasted 00:49:08 (18807 turns).

Amnesiac the Bewitcher (Deep Elf Enchanter)        Turns: 18807, Time: 00:49:09

Health: -2/82      AC: 11    Str:  5    XL:     14   Next: 40%
Magic:  15/32      EV: 22    Int: 22    God:    Dithmenos [******]
Gold:   1259       SH:  6    Dex: 23    Spells: 6 memorised, 21 levels left

rFire  . . .     SeeInvis .     C - +7 dagger of the Lonely Tales {drain, Stlth+}
rCold  . . .     Gourm    .     q - +2 robe "Ihevu" {+Blink Slay+2}
rNeg   . . .     Faith    .     R - +0 buckler
rPois  .         Spirit   .     i - +2 hat
rElec  .         Dismiss  .     f - +1 cloak
rCorr  .         Reflect  .     X - +0 pair of gloves
MR     +....     Harm     .     T - +0 pair of boots
Stlth  ++++++++++               P - amulet of rage
                                t - ring of stealth
                                p - +4 ring of dexterity

@: wreathed by umbra
A: no striking features
a: Shadow Step, Shadow Form, Renounce Religion, Evoke Blink, Evoke Berserk Rage


You were on level 6 of the Lair of Beasts.
You worshipped Dithmenos.
Dithmenos was exalted by your worship.
You were hungry.

You visited 2 branches of the dungeon, and saw 16 of its levels.
You also visited: Volcano.

You collected 1259 gold pieces.

Inventory:

Hand Weapons
 C - the +7 dagger of the Lonely Tales (weapon) {drain, Stlth+}
   (You found it on level 4 of the Dungeon)

   A truly terrible weapon, it drains the life of those it strikes.
   It makes you more stealthy.
Missiles
 Q - a throwing net (quivered)
Armour
 f - a +1 cloak (worn)
 i - a +2 hat (worn)
 q - the +2 robe "Ihevu" (worn) {+Blink Slay+2}
   (You found it on level 5 of the Dungeon)

   It affects your accuracy and damage with ranged weapons and melee attacks
   (+2).
   It lets you blink.
 K - a +1 robe of cold resistance
 R - a +0 buckler (worn)
 T - a +0 pair of boots (worn)
 X - a +0 pair of gloves (worn)
Jewellery
 p - a +4 ring of dexterity (left hand)
 t - a ring of stealth (right hand)
 F - an uncursed amulet of harm {unknown}
 P - an amulet of rage (around neck)
 U - an uncursed ring of stealth
 Z - an uncursed ring of wizardry
Wands
 v - a wand of disintegration (18/24)
 M - a wand of iceblast (6/15)
 S - a wand of lightning (7/15)
 Y - a wand of paralysis (10/24)
Scrolls
 k - 5 scrolls of magic mapping
 n - 6 scrolls of amnesia
 o - 5 scrolls of recharging
 s - 4 scrolls of teleportation
 u - 2 scrolls of blinking
 y - 4 scrolls of enchant weapon
 z - 4 scrolls of enchant armour
 A - 7 scrolls of remove curse
 B - a scroll of fear
 D - a scroll of fog
 H - 3 scrolls of silence
 N - a scroll of summoning
Potions
 b - 2 potions of flight
 e - 4 potions of brilliance
 h - 2 potions of agility
 j - 3 potions of might
 m - 4 potions of cancellation
 r - 2 potions of resistance
 w - 3 potions of haste
 x - a potion of mutation {unknown}
 E - a potion of ambrosia
 J - 2 potions of cure mutation
 L - a potion of magic {unknown}
 O - 3 potions of curing
 V - a potion of berserk rage {unknown}
 W - a potion of invisibility
Comestibles
 a - 10 fruits
 c - 7 meat rations
 d - 10 bread rations
 g - 3 beef jerkies
 l - 5 slices of pizza
 I - 10 royal jellies


   Skills:
 + Level 7.6 Fighting
 - Level 10.2 Short Blades
 + Level 10.5 Dodging
 * Level 15.4 Stealth
 - Level 4.0 Shields
 + Level 12.4 Spellcasting
 * Level 15.5 Hexes


You had 21 spell levels left.
You knew the following spells:

 Your Spells              Type           Power        Failure   Level  Hunger
a - Dazzling Spray        Conj/Hex       #####.       1%          3    None
b - Tukima's Dance        Hex            ######..     1%          3    None
c - Mephitic Cloud        Conj/Pois/Air  ##......     14%         3    None
d - Corpse Rot            Necr           N/A          10%         2    None
e - Confuse               Hex            ######..     1%          3    None
f - Ensorcelled Hibernat  Hex/Ice        #####.       1%          2    None


Dungeon Overview and Level Annotations

Branches:
Dungeon (10/15)            Temple (0/1) D:6            Lair (6/6) D:10
 Shoals (0/4) Lair:3        Snake (0/4) Lair:3        Slime (0/5) Lair:5
    Orc (0/2) D:9

Altars:
Ashenzari
Cheibriados
Dithmenos
Elyvilon
Fedhas
Hepliaklqana
Kikubaaqudgha
Okawaru
Vehumet
Xom
Zin
The Shining One
Beogh
Jiyva


Message History

Press: ? - help, Shift-Dir - straight line, f/p - catoblepas
Aim: a catoblepas (black smoke, heavily wounded, lightly drained, umbra, chance to defeat MR: 16%)
The catoblepas resists with almost no effort.
The catoblepas gores you.
* * * LOW HITPOINT WARNING * * *
Unknown command.
The catoblepas breathes a plume of calcifying dust at you.
The blast of calcifying dust hits you!
The catoblepas breathes a plume of calcifying dust at you.
The blast of calcifying dust hits you!
The catoblepas breathes a plume of calcifying dust at you.
The blast of calcifying dust hits you!
* * * LOW HITPOINT WARNING * * *
A basilisk comes into view.
You are engulfed in calcifying dust.
The basilisk hisses angrily.
You hit the basilisk.
The basilisk is lightly wounded.
Your shadow barely misses the basilisk.
The basilisk bites you!
You die...

..#.#.##.## #.#.#..#
.##...#..# ##....P#
.##...##P# #..#.##
########## ##...## #
##### #....)#
####.§.## ##....#
.....§..# #.....#
....§...#######.l..##
.....§§...##..##@..#
......§............#
.....§§§§..........#
.Y.....§§...P#.....#
.....§.....####.####
....##.....# ###
........####
###P.#.## ..###.##


You could see a basilisk.

Vanquished Creatures
  A mottled draconian (Volcano)
  A fire dragon (Lair:6)
  A centaur warrior (D:10)
  3 hydras
  Erica (D:8)
  3 catoblepae
  13 death yaks
  A queen ant (Lair:2)
  3 hill giants (D:10)
  A manticore (Lair:6)
  Maurice (D:9)
  4 elephants
  Joseph (D:7)
  3 black mambas
  12 spiny frogs
  A gargoyle (D:10)
  2 molten gargoyles (Volcano)
  4 rime drakes
  9 komodo dragons
  A two-headed ogre (Volcano)
  2 trolls (D:9)
  Prince Ribbit (D:6)
  25 blink frogs
  11 hippogriffs
  A snapping turtle (Lair:3)
  A wyvern (Lair:6)
  A fire bat (Volcano)
  53 yaks
  6 basilisks (Lair:6)
  2 hungry ghosts
  A steam dragon (Lair:6)
  8 soldier ants (Lair:2)
  2 mottled dragons (Lair:6)
  2 nagas (Lair:3)
  10 water moccasins
  5 porcupines
  2 hell hounds (D:10)
  A black bear (D:10)
  5 orc warriors
  3 swamp drakes (Lair:6)
  4 ogres
  2 phantoms
  A wasp (D:8)
  3 ice beasts
  6 centaurs
  7 wolves
  12 crocodiles
  13 bullfrogs
  5 big kobolds (D:9)
  2 gnoll sergeants (D:9)
  A water moccasin zombie (D:5)
  A wyvern zombie (D:10)
  A scorpion (D:4)
  3 electric eels
  A howler monkey (D:5)
  A centaur zombie (D:9)
  10 crimson imps (D:7)
  A wasp zombie (D:10)
  A gnoll shaman (D:7)
  5 hounds
  A lava snake (Volcano)
  2 bullfrog skeletons
  5 jellies
  A bullfrog zombie (D:8)
  2 centaur skeletons
  6 orc priests
  12 orc wizards
  Terence (D:3)
  17 iguanas
  25 worker ants
  A hell rat (Lair:5)
  A killer bee zombie (D:10)
  A hound zombie (D:5)
  3 hound skeletons (D:5)
  A howler monkey zombie (D:8)
  A worker ant zombie (D:10)
  17 gnolls
  A howler monkey skeleton (D:9)
  17 river rats
  18 adders
  A shadow imp (D:5)
  A white imp (D:7)
  5 oozes (D:8)
  4 adder skeletons
  An adder zombie (D:9)
  2 worms
  A dart slug (D:1)
  5 leopard geckos
  39 orcs
  9 bats
  A giant cockroach (D:3)
  6 goblins
  5 hobgoblins
  19 jackals
  A quokka (D:2)
  2 ball pythons
  9 frilled lizards
  14 kobolds
  2 rats
  A plant (Lair:6)
549 creatures vanquished.

Vanquished Creatures (others)
  19 fungi
  39 plants (Lair:6)
  6 toadstools (Lair:5)
64 creatures vanquished.

Grand Total: 613 creatures vanquished

Notes
Turn   | Place    | Note
-------+----------+-------------------------------------------
     0 | D:1      | Amnesiac the Deep Elf Enchanter began the quest for the Orb.
     0 | D:1      | Reached XP level 1. HP: 10/10 MP: 6/6
   230 | D:2      | Reached XP level 2. HP: 13/15 MP: 5/8
   420 | D:2      | Learned a level 2 spell: Ensorcelled Hibernation
   543 | D:3      | Noticed Terence
   588 | D:3      | Killed Terence
   588 | D:3      | Reached XP level 3. HP: 15/19 MP: 2/9
   733 | D:3      | Learned a level 3 spell: Confuse
  1046 | D:4      | Reached skill level 1 in Fighting
  1046 | D:4      | Reached XP level 4. HP: 10/25 MP: 3/11
  1252 | D:4      | Found a blossoming altar of Fedhas.
  1275 | D:4      | Found a shattered altar of Ashenzari.
  1281 | D:4      | Found an ancient bone altar of Kikubaaqudgha.
  1288 | D:4      | Found a shadowy altar of Dithmenos.
  1301 | D:4      | Found a snail-covered altar of Cheibriados.
  1310 | D:4      | Found an iron altar of Okawaru.
  1321 | D:4      | Found a radiant altar of Vehumet.
  1341 | D:4      | Became a worshipper of Dithmenos the Shadowed
  1422 | D:2      | You fall through a shaft for 2 floors!
  1523 | D:4      | Reached XP level 5. HP: 25/29 MP: 5/12
  1595 | D:2      | Reached skill level 5 in Hexes
  1921 | D:1      | Learned a level 3 spell: Tukima's Dance
  1927 | D:1      | Learned a level 3 spell: Dazzling Spray
  2388 | D:1      | Reached skill level 5 in Stealth
  2994 | D:2      | Found a glowing golden altar of the Shining One.
  3084 | D:2      | Reached * piety under Dithmenos
  3163 | D:2      | Found a faded altar of an unknown god.
  3247 | D:3      | Reached XP level 6. HP: 32/34 MP: 4/14
  3801 | D:4      | Found a glowing silver altar of Zin.
  4004 | D:4      | Found a roughly hewn altar of Beogh.
  4178 | D:4      | Got a polished dagger
  4180 | D:4      | Identified the +7 dagger of the Lonely Tales {drain, Stlth+} (You found it on level 4 of the Dungeon)
  4397 | D:5      | Entered Level 5 of the Dungeon
  4409 | D:5      | Reached XP level 7. HP: 29/39 MP: 12/15
  4545 | D:5      | Reached ** piety under Dithmenos
  4615 | D:5      | Found a shimmering altar of Xom.
  4618 | D:5      | Found a hazy altar of Hepliaklqana.
  4629 | D:5      | Reached skill level 5 in Spellcasting
  4875 | D:5      | Got a smoking robe
  4890 | D:5      | Identified the +2 robe "Ihevu" {+Blink Slay+2} (You found it on level 5 of the Dungeon)
  4926 | D:5      | Reached XP level 8. HP: 45/45 MP: 17/17
  5096 | D:6      | Noticed Prince Ribbit
  5101 | D:6      | Killed Prince Ribbit
  5244 | D:6      | Found a staircase to the Ecumenical Temple.
  5858 | D:7      | Noticed Joseph
  5885 | D:7      | Killed Joseph
  5885 | D:7      | Reached skill level 5 in Dodging
  5885 | D:7      | Reached XP level 9. HP: 50/50 MP: 18/20
  6145 | D:7      | Reached *** piety under Dithmenos
  6209 | D:7      | Found a white marble altar of Elyvilon.
  6616 | D:7      | Reached skill level 5 in Short Blades
  6690 | D:8      | Noticed Erica
  6791 | D:8      | Killed Erica
  6791 | D:8      | Reached **** piety under Dithmenos
  6791 | D:8      | Reached skill level 10 in Stealth
  6791 | D:8      | Reached skill level 10 in Hexes
  6791 | D:8      | Reached XP level 10. HP: 56/56 MP: 14/22
  7591 | D:9      | Noticed Maurice
  7598 | D:9      | Killed Maurice
  8025 | D:9      | Found a staircase to the Orcish Mines.
  8405 | D:9      | Reached skill level 1 in Shields
  8534 | D:9      | Found a glowing golden altar of the Shining One.
  8557 | D:10     | Entered Level 10 of the Dungeon
  8682 | D:10     | Noticed a hill giant
  8729 | D:10     | Killed a hill giant
  8811 | D:10     | Noticed a hill giant
  8814 | D:10     | Killed a hill giant
  8814 | D:10     | Reached XP level 11. HP: 62/62 MP: 24/24
  8821 | D:10     | Reached ***** piety under Dithmenos
  8926 | D:10     | Found a staircase to the Lair.
  9088 | D:10     | Noticed a hill giant
  9093 | D:10     | Noticed a centaur warrior
  9095 | D:10     | Killed a hill giant
  9101 | D:10     | Killed a centaur warrior
  9690 | Lair:1   | Entered Level 1 of the Lair of Beasts
  9948 | Lair:1   | Found a dark tunnel.
 10309 | Volcano  | Entered a volcano
 10604 | Volcano  | Found a bloodstained altar of Trog.
 10604 | Volcano  | Noticed a mottled draconian
 10606 | Volcano  | Killed a mottled draconian
 10606 | Volcano  | Reached skill level 10 in Short Blades
 11214 | Lair:2   | Noticed a queen ant
 11287 | Lair:2   | Killed a queen ant
 11287 | Lair:2   | Reached XP level 12. HP: 65/68 MP: 19/26
 11315 | Lair:2   | Reached skill level 5 in Fighting
 12329 | Lair:3   | Found a staircase to the Snake Pit.
 12335 | Lair:3   | Reached ****** piety under Dithmenos
 12638 | Lair:3   | Found a staircase to the Shoals.
 13378 | Lair:4   | Reached skill level 10 in Spellcasting
 13705 | Lair:4   | Learned a level 3 spell: Mephitic Cloud
 13708 | Lair:4   | Learned a level 2 spell: Corpse Rot
 14079 | Lair:5   | Noticed a four-headed hydra
 14082 | Lair:5   | Killed a four-headed hydra
 14103 | Lair:5   | Found a staircase to the Slime Pits.
 14103 | Lair:5   | Found a viscous altar of Jiyva.
 14207 | Lair:5   | Reached XP level 13. HP: 70/74 MP: 29/29
 14530 | Lair:5   | Found a runed door.
 15153 | Lair:5   | Got a warped chain mail
 15233 | Lair:4   | Got a twisted scale mail
 15244 | Lair:4   | Identified the +6 chain mail of Hangman {rElec rF- Stlth+} (You found it on level 5 of the Lair of Beasts)
 15254 | Lair:4   | Identified the +2 scale mail of Senoss {+Blink} (You found it on level 4 of the Lair of Beasts)
 15293 | Lair:6   | Entered Level 6 of the Lair of Beasts
 16105 | Lair:6   | Noticed a fire dragon
 16121 | Lair:6   | Killed a fire dragon
 17064 | Lair:6   | Reached skill level 10 in Dodging
 17236 | Lair:6   | Reached XP level 14. HP: 31/82 MP: 4/32
 17238 | Lair:6   | HP: 4/82 [blink frog (12)]
 17245 | Lair:6   | Reached skill level 15 in Hexes
 17268 | Lair:6   | HP: 4/82 [blink frog (6)]
 18128 | Lair:6   | Reached skill level 15 in Stealth
 18807 | Lair:6   | Slain by a basilisk

Vault maps used:
D:1:      noname_arrival_rooms_in_the_neighbourhood
D:2:      tso_altar, ecumenical_altar_1
D:3:      uniq_terence
D:4:      zin_scriptorium, grunt_temple_overflow_octagram, first_bread,
          minivault_4, kennysheep_orc_chapel
D:5:      overflow_temple_1_default, lemuel_crystal_altar, minmay_misc_feat_tiny
D:6:      uniq_prince_ribbit1
D:7:      lemuel_coloured_pillars_altar, minmay_nine_imps, uniq_joseph
D:8:      hangedman_little_slice_of_home, uniq_erica
D:9:      kennysheep_orc_monster_closet_entryway, basic_altar, uniq_maurice
D:10:     minmay_lair_entry_lava, minmay_misc_feat_ornament,
          minmay_misc_feat_more_columns, grunt_potential
Lair:1:   nicolae_volcano_entry_two_sided, grunt_megastairs_1,
          infiniplex_staircase_pool
Lair:2:   nicolae_lair_grove_arrangements, minmay_another_anthill,
          lemuel_fruit_fields
Lair:3:   minmay_shoals_entry_hut, guppyfry_snake_entry_garden,
          grunt_megastairs_2
Lair:4:   minivault_26
Lair:5:   gammafunk_lair_enchanted_lake, slime_altar_1, serial_bayou_shore_b
Lair:6:   hangedman_lair_in_review, guppyfry_lair_end_dragon
Volcano:  volcano_lake

Skill      XL: |  1  2  3  4  5  6  7  8  9 10 11 12 13 14 |
---------------+-------------------------------------------+-----
Short Blades   | 2 3 4 5 6 10 | 10.2
Stealth        | 4 5 6 7 8 10 11 12 13 14 15 | 15.4
Fighting       | 1 2 3 4 6 7 |  7.6
Dodging        | 3 4 5 6 7 9 10 | 10.5
Hexes          | 5 6 8 10 11 13 14 15 | 15.5
Spellcasting   | 4 5 6 7 8 10 12 | 12.4
Shields        | 3 4 |  4.0

Action                   |  1- 3 |  4- 6 |  7- 9 | 10-12 | 13-15 || total
-------------------------+-------+-------+-------+-------+-------++-------
Melee: Dagger            |    65 |   124 |   137 |   478 |   329 ||  1133
Throw: Throwing net      |       |       |       |       |     1 ||     1
 Cast: Corona            |    15 |       |       |       |       ||    15
       Ensorcelled Hiber |    12 |    70 |    57 |   100 |   106 ||   345
       Confuse           |     2 |     8 |     9 |    20 |    91 ||   130
       Dazzling Spray    |       |     2 |       |     8 |    29 ||    39
 Abil: Evoke Blink       |       |       |       |       |     1 ||     1
Evoke: Wand              |       |     1 |       |     4 |       ||     5
  Use: Scroll            |       |    15 |       |    17 |     2 ||    34
       Potion            |       |     3 |       |     1 |     3 ||     7
 Stab: Sleeping          |     9 |    54 |    70 |   135 |    78 ||   346
       Confused          |     2 |     4 |     7 |     9 |    20 ||    42
       Distracted        |       |     1 |     1 |       |     5 ||     7
       Invisible         |       |       |       |     7 |     6 ||    13
       Held in net/web   |       |       |       |       |     1 ||     1
       Fleeing           |       |       |       |       |     1 ||     1
  Eat: Chunk             |     1 |    13 |     8 |    23 |    14 ||    59
Armor: Robe              |    36 |    48 |    23 |    40 |    20 ||   167
Dodge: Dodged            |    49 |   104 |    79 |   296 |   182 ||   710
Block: Buckler           |       |       |       |    68 |    73 ||   141
